 Dungeon Crawl Stone Soup version 0.32-a0-485-g70f7560b1c (webtiles) character file.

Game seed: 1283364745603801489

2285 ezpacito the Trooper (level 9, -3/68 HPs)
             Began as a Demonspawn Chaos Knight on Feb 26, 2024.
             Was a Plaything of Xom.
             Slain by an orc warrior
             ... wielding a +0 trident
              (18 damage)
             ... on level 6 of the Dungeon.
             The game lasted 00:07:20 (5536 turns).

ezpacito the Trooper (Demonspawn Chaos Knight)      Turns: 5536, Time: 00:07:22

Health: -3/68      AC: 16    Str: 15    XL:     9   Next: 17%
Magic:  12/15      EV: 13    Int: 12    God:    Xom [.....*]
Gold:   242        SH:  0    Dex: 15    Spells: 12/15 levels left

rFire   + . .        a - +0 hand axe (chaos)
rCold   . . .        (no shield)
rNeg    . . .        t - +3 chain mail {rF+}
rPois   +            (helmet restricted)
rElec   .            F - scarf {repulsion}
rCorr   .            (no gloves)
SInv    .            (no boots)
Will    .....        (no amulet) Stlth
                     s - ring of poison resistance
HPRegen 0.31/turn    z - +5 ring of evasion
MPRegen 0.14/turn

%: repel missiles
@: no status effects
A: claws 1, horns 1, demonic guardian 1, ignite blood 1, iridescent scales 2,
high MP 1, MP-powered wands
a: Renounce Religion


You were on level 6 of the Dungeon.
You worshipped Xom.
You were Xom's teddy bear.
You visited 1 branch of the dungeon, and saw 6 of its levels.

You collected 382 gold pieces.
You spent 140 gold pieces at shops.

Inventory:

Hand Weapons
 a - a +0 hand axe of chaos (weapon)
Missiles
 h - 2 throwing nets (quivered)
 m - 8 boomerangs
 q - 2 darts of dispersal
 H - 6 javelins
Armour
 g - +0 swamp dragon scales
 t - a +3 chain mail of fire resistance (worn)
 F - a scarf of repulsion (worn)
 G - the +2 cloak "Uzxahow" {*Corrode Fly Will+++ SInv}
   (You found it on level 5 of the Dungeon)

   Will+++:   It greatly increases your willpower.
   SInv:      It lets you see invisible.
   Fly:       It grants you flight.
   *Corrode:  It may corrode you when you take damage.
 I - a scarf of resistance
Jewellery
 s - a ring of poison resistance (left claw)
 z - a +5 ring of evasion (right claw)
 C - a +4 ring of protection
 D - a ring of wizardry
Wands
 u - a wand of flame (12)
Scrolls
 f - a scroll of silence {unknown}
 i - a scroll of fog {unknown}
 j - 4 scrolls of blinking
 k - 2 scrolls of teleportation
 v - a scroll of poison {unknown}
 y - a scroll of torment {unknown}
 E - a scroll of amnesia
Potions
 d - a potion of mutation
 l - a potion of berserk rage {unknown}
 o - a potion of magic {unknown}
 p - a potion of haste {unknown}
 r - 2 potions of attraction
 w - a potion of enlightenment {unknown}
 x - 2 potions of brilliance {unknown}
 A - a potion of might
 B - a potion of lignification


   Skills:
 * Level 5.2 Fighting
 * Level 5.0(5.3) Axes
 + Level 2.6(4.1) Polearms
 * Level 4.3 Armour
 * Level 4.0 Dodging
 + Level 3.0 Stealth
 * Level 3.7 Unarmed Combat
 * Level 3.6 Spellcasting
 + Level 1.5 Conjurations
 + Level 1.2 Ice Magic
 + Level 1.7 Evocations


You had 12 spell levels left.
You knew the following spells:

 Your Spells              Type           Power      Damage    Failure   Level
a - Hailstorm             Conj/Ice       5%         3d5       99%         3

Your spell library contained the following spells:

 Spells                   Type           Power      Damage    Failure   Level
 Freeze                   Ice            20%        1d4       87%         1
 Frozen Ramparts          Ice            10%        1d2       99%         3


Dungeon Overview and Level Annotations

Branches:
Dungeon (6/15)
 Temple: D:4-7

Altars:
Dithmenos
Gozag
Hepliaklqana

Shops:
D:2 !

Annotations:
D:5 1 runed translucent door, zenocrate's ghost, novice MiCK


Innate Abilities, Weirdness & Mutations

You have sharp fingernails.
You have a pair of small horns on your head.
A weak demonic guardian rushes to your aid.
Your demonic aura sometimes causes spilled blood to erupt in flames.
You are mostly covered in iridescent scales. (AC +4)
You have an increased reservoir of magic. (+10% MP)
You expend magic power (3 MP) to strengthen your wands.


Message History

Your ufetubus's attack snaps the orc warrior out of its fear.
Your ufetubus hits the orc warrior.
The orc warrior hits you with a +0 trident!
* * * LOW HITPOINT WARNING * * *
Your ufetubus hits the orc warrior but does no damage. x2
Your ufetubus hits the orc warrior but does no damage.
Your ufetubus barely misses the orc warrior.
The orc warrior hits you but does no damage.
Things that are here:
a +0 hand axe; a +0 ring mail Your ufetubus hits the orc warrior.
Your ufetubus barely misses the orc warrior.
The orc warrior closely misses your ufetubus.
Your ufetubus hits the orc warrior.
Your ufetubus barely misses the orc warrior.
You see here a +0 giant club.
Your ufetubus hits the orc warrior.
Your ufetubus hits the orc warrior but does no damage.
Your ufetubus slips past the orc warrior!
Your ufetubus hits the orc warrior but does no damage.
Your ufetubus closely misses the orc warrior.
Your ufetubus hits the orc warrior.
Your ufetubus hits the orc warrior but does no damage.
Aiming: Throw Flame
Press: ? - help, Shift-Dir - straight line, f - orc warrior
Aim: an orc warrior, wielding a +0 trident and wearing a +0 plate armour (heavily wounded, strong, ally target, 71% to hit)
You feel a surge of power!
The puff of flame hits the orc warrior but does no damage.
The orc warrior is heavily wounded.
The orc warrior hits you but does no damage.
Your ufetubus barely misses the orc warrior. x2
Your ufetubus hits the orc warrior. x2; The orc warrior misses you.
You barely miss the orc warrior. Your headbutt misses the orc warrior.
The orc warrior is severely wounded.
Xom's power touches on your mind for a moment.
The orc warrior looks rather confused.
Your ufetubus hits the orc warrior but does no damage.
Your ufetubus barely misses the orc warrior.
The orc warrior hits you with a +0 trident!!
You die...

...#...........##.........##.....
.##..###..##.#######.......#.....
.#..###...##.# #ß..####....#.....
...####.#.##.# #......#.)..#.....
.....##.# #.# #...)..##...#.....
..#..#..##.#.###...#)..#...##....
#.##.........##.5..#)).#....#...#
#...........#.#.o.##o).##...#..##
..............#.@.#.))).#...#..#
..............#...#.....#...#..#
..............#...#..[..# #..#
........†.....#...#.$ß:.# #..#
..............#...#..)..# #..#
..............#...#.....# #..#
.......†......#...#.....# #..##
.......)......#...## #....
..........[...#....# #....


You could see an orc warrior (strong, confused, ally target) and a friendly
ufetubus (summoned).

Vanquished Creatures
  Maggie (D:6)
  Sigmund (D:6)
  A steam dragon (D:3)
  A water moccasin (D:4)
  2 ogres (D:6)
  A centaur (D:6)
  3 phantoms
  2 bullfrogs (D:4)
  3 scorpions
  A howler monkey (D:3)
  2 jellies (D:6)
  4 hounds
  2 orc priests
  2 sleepcaps
  Jessica (D:2)
  Terence (D:2)
  4 iguanas
  4 orc wizards
  8 gnolls
  5 adders
  A shadow imp (D:6)
  2 ufetubi (D:6)
  3 dart slugs
  2 ribbon worms (D:3)
  14 orcs
  5 endoplasms
  5 giant cockroaches
  6 goblins
  8 hobgoblins
  3 jackals (D:3)
  4 kobolds
  3 quokkas
  5 ball pythons
  11 bats
  3 frilled lizards
  3 rats
127 creatures vanquished.

Vanquished Creatures (collateral kills)
  A bullfrog (D:4)
  A gnoll bouda (D:4)
  An orc priest (D:6)
3 creatures vanquished.

Vanquished Creatures (others)
  An orc wizard (D:6)
  An endoplasm zombie (D:4)
2 creatures vanquished.

Grand Total: 132 creatures vanquished

Notes
Turn   | Place    | Note
-------+----------+-------------------------------------------
     0 | D:1      | ezpacito the Demonspawn Chaos Knight began the quest for
                  | the Orb.
     0 | D:1      | Reached XP level 1. HP: 18/18 MP: 1/1
    92 | D:1      | XOM: silly message
    99 | D:1      | XOM: silly message
   230 | D:1      | Reached skill level 1 in Dodging
   257 | D:1      | XOM: silly message
   292 | D:1      | Gained mutation: Your demonic aura sometimes causes spilled
                  | blood to erupt in flames. [demonic ancestry]
   292 | D:1      | Reached XP level 2. HP: 19/24 MP: 2/2
   537 | D:1      | XOM: silly message
   878 | D:1      | XOM: silly message
  1009 | D:2      | Reached XP level 3. HP: 27/29 MP: 3/3
  1206 | D:2      | Found Fuladite's Distillery.
  1558 | D:2      | Noticed Jessica
  1560 | D:2      | Noticed Terence
  1565 | D:2      | Killed Jessica
  1570 | D:2      | Killed Terence
  1571 | D:2      | Reached skill level 1 in Stealth
  1571 | D:2      | Reached skill level 1 in Unarmed Combat
  1571 | D:2      | Reached skill level 1 in Spellcasting
  1571 | D:2      | Discovered your monstrous ancestry.
  1571 | D:2      | Gained mutation: You have a pair of small horns on your
                  | head. [demonic ancestry]
  1571 | D:2      | Reached XP level 4. HP: 11/35 MP: 3/5
  1944 | D:3      | XOM: divination: magic mapping
  1988 | D:3      | XOM: silly message
  2057 | D:3      | Reached XP level 5. HP: 37/41 MP: 6/6
  2155 | D:3      | a giant cockroach changed into a steam dragon
  2155 | D:3      | Noticed a steam dragon
  2155 | D:3      | XOM: polymorph giant cockroach -> steam dragon
  2171 | D:3      | Killed a steam dragon
  2172 | D:3      | Reached skill level 1 in Polearms
  2172 | D:3      | Gained mutation: You have sharp fingernails. [demonic
                  | ancestry]
  2172 | D:3      | Reached XP level 6. HP: 35/47 MP: 6/8
  2248 | D:3      | Found a shadowy altar of Dithmenos.
  2431 | D:3      | Found a hazy altar of Hepliaklqana.
  2739 | D:4      | XOM: confusion (+ monsters)
  2749 | D:4      | XOM: god gift: 2 darts of dispersal
  2908 | D:4      | Gained mutation: A weak demonic guardian rushes to your
                  | aid. [demonic ancestry]
  2908 | D:4      | Reached XP level 7. HP: 36/53 MP: 10/10
  3058 | D:4      | XOM: enchant monster (bad)
  3097 | D:4      | XOM: god gift: 33 gold pieces
  3276 | D:4      | XOM: summons 4 friendly demons
  3697 | D:2      | Bought a potion of attraction for 42 gold pieces
  3697 | D:2      | Bought a potion of might for 56 gold pieces
  3697 | D:2      | Bought a potion of lignification for 42 gold pieces
  3801 | D:5      | Entered Level 5 of the Dungeon
  3881 | D:5      | Found a runed translucent door.
  3886 | D:5      | Noticed zenocrate's ghost (novice MiCK)
  3977 | D:5      | Learned a level 3 spell: Hailstorm
  4010 | D:5      | Reached XP level 8. HP: 61/61 MP: 12/12
  4190 | D:5      | XOM: 3-stop teleportation journey
  4202 | D:5      | XOM: blink monster(s)
  4223 | D:5      | Identified the +2 cloak "Uzxahow" {*Corrode Fly Will+++
                  | SInv}
  4240 | D:5      | XOM: summons 2 hostile demons
  4348 | D:5      | Found an opulent altar of Gozag.
  4463 | D:5      | Reached skill level 1 in Evocations
  4924 | D:6      | Noticed Maggie
  4936 | D:6      | XOM: confusion
  4943 | D:6      | Killed Maggie
  5008 | D:6      | Noticed Sigmund
  5018 | D:6      | Killed Sigmund
  5019 | D:6      | Reached skill level 1 in Conjurations
  5038 | D:6      | Reached skill level 1 in Ice Magic
  5155 | D:6      | Identified the +4 barding "Belezisch" {Will+ MP+9 Int+3}
  5170 | D:6      | Reached skill level 5 in Fighting
  5201 | D:6      | XOM: 1-stop teleportation journey
  5301 | D:6      | Reached XP level 9. HP: 57/68 MP: 14/14
  5480 | D:6      | XOM: give mutations
  5480 | D:6      | Gained mutation: You are partially covered in iridescent
                  | scales. (AC +2) [Xom's grace]
  5480 | D:6      | Gained mutation: You are mostly covered in iridescent
                  | scales. (AC +4) [Xom's grace]
  5480 | D:6      | Gained mutation: You have an increased reservoir of magic.
                  | (+10% MP) [Xom's grace]
  5480 | D:6      | Gained mutation: You expend magic power (3 MP) to
                  | strengthen your wands. [Xom's grace]
  5514 | D:6      | Reached skill level 5 in Axes
  5536 | D:6      | XOM: confuse monster(s)
  5536 | D:6      | Slain by an orc warrior

Illustrated notes

Levels and vault maps discovered:
D:1:      spicycebolla_arrival_xxxplode, layout_loops_corners,
          minmay_pentomino_s2
D:2:      layout_loops_corners, serial_shops, nicolae_shop_tiny_glass,
          eino_tiny_chamber, uniq_jessica, uniq_terence
D:3:      layout_rooms, mainiacjoe_overflow_boulevard,
          mainiacjoe_overflow_small_starburst, st_stairs_8, minmay_misc_feat_x
D:4:      layout_basic, kennysheep_generic_room_10
D:5:      layout_basic, mainiacjoe_overflow_alcove_2, ebering_ghost_sewer_d
D:6:      kennysheep_spiral_hall, layout_rooms, st_stairs_7, uniq_sigmund,
          uniq_maggie

Skill      XL: |  1  2  3  4  5  6  7  8  9 |
---------------+----------------------------+-----
Dodging        | 1 2 3 4 |  4.0
Armour         | 2 3 4 |  4.3
Axes           | 3 4 5 |  5.0
Stealth        | 1 2 3 |  3.0
Unarmed Combat | 1 2 3 |  3.7
Spellcasting   | 1 2 3 |  3.6
Polearms       | 1 2 |  2.6
Fighting       | 4 5 |  5.2
Evocations     | 1 |  1.7
Conjurations   | 1 |  1.5
Ice Magic      | 1 |  1.2

Action                     |  1- 3 |  4- 6 |  7- 9 || total
---------------------------+-------+-------+-------++-------
  Melee: Hand axe          |    97 |   123 |   289 ||   509
         Headbutt          |       |    27 |    58 ||    85
  Evoke: Wand              |       |       |     4 ||     4
    Use: Scroll            |       |     8 |     5 ||    13
         Potion            |       |       |     3 ||     3
   Stab: Confused          |     1 |       |     2 ||     3
         Distracted        |       |       |     1 ||     1
         Paralysed         |       |       |     1 ||     1
         Sleeping          |       |       |     1 ||     1
 Armour: Ring mail         |    66 |       |       ||    66
         Chain mail        |       |   118 |   222 ||   340
  Dodge: Dodged            |    56 |    52 |   252 ||   360
         Repelled          |       |       |     1 ||     1

Table legend: (Time is in decaauts)
 A = Elapsed time spent in this place.
 B = Non-inter-level travel time spent in this place.
 C = Inter-level travel time spent in this place.
 D = Time resting spent in this place.
 E = Time spent auto-exploring this place.
 F = Levels seen in this place.
 G = Mean time per level.
                   A        B        C        D        E       F      G
               +--------+--------+--------+--------+--------+-----+--------+
         Total |   5584 |   5146 |    438 |      0 |   4070 |   6 |  930.7 |
       Dungeon |   5584 |   5146 |    438 |      0 |   4070 |   6 |  930.7 |
               +--------+--------+--------+--------+--------+-----+--------+

Top non-repeatable levels by time:
     D:4: 1109 daAuts
     D:5: 1102 daAuts
     D:2: 1070 daAuts
     D:1: 932 daAuts
     D:3: 723 daAuts
     D:6: 645 daAuts
